Map: Opérations galactiques EC

Players

ShoomKean

  • Race: Terran Terran
  • League: Platinum
  • Spawn Location: 7:00

zidar - Winner!

  • Race: Zerg Zerg
  • League: Platinum
  • Spawn Location: 1:00

VOD

Have the link to the VOD?

Description

Time

  • Played on: Nov. 15, 2016, 3:15 p.m.
  • Length: 6:55
Show
View Real Time Build Order
Export as new Build Order

ShoomKean Terran 

Build Orders: 1/1/1, Liberator Opening 

Get SALT Encoding   

  12  0:01  SCV  
  13  0:13  SCV  
  14  0:18  Supply Depot  
  14  0:25  SCV  
  15  0:29  Refinery  
  15  0:39  SCV  
  16  0:47  Barracks  
  16  0:51  SCV  
  17  1:04  SCV  
  18  1:16  SCV  
  19  1:34  Marine, Orbital Command  
  20  1:41  Factory  
  20  1:53  Supply Depot  
  20  1:55  Marine  
  20  2:00  Refinery, SCV  
  22  2:28  Starport  
  22  2:29  Hellion  
  24  2:31  Barracks Reactor  
  24  2:33  SCV  
  25  2:38  Supply Depot  
  25  2:45  SCV  
  26  3:05  SCV  
  26  3:07  Marine x2  
  26  3:09  Hellion, Medivac  
  33  3:18  SCV  
  34  3:27  Supply Depot  
  34  3:31  Factory Tech Lab  
  34  3:32  Marine  
  34  3:33  Marine  
  36  3:38  Liberator  
  39  3:50  Marine x2, Command Center  
  41  3:59  SCV  
  42  4:06  Supply Depot  
  42  4:11  SCV  
  42  4:13  Marine x2  
  45  4:35  Liberator  
  43  4:49  Marine x2  
  43  4:50  Siege Tank  
  50  5:12  Bunker  
  50  5:27  Orbital Command  
  50  5:38  Barracks  
  50  5:42  Barracks, Engineering Bay  
  50  5:51  Supply Depot  
  50  5:59  Siege Tank  
  53  6:07  Supply Depot  
  53  6:10  Starport Reactor, Supply Depot  
  47  6:19  Marine x2  
Show
View Real Time Build Order
Export as new Build Order

zidar Zerg - Winner!

Build Orders: Hatch First 

Get SALT Encoding   

  12  0:01  Drone  
  13  0:12  Overlord  
  13  0:17  Drone  
  14  0:31  Drone x2  
  16  0:52  Hatchery  
  16  0:55  Drone  
  16  0:59  Extractor  
  16  1:01  Drone  
  16  1:18  Spawning Pool  
  15  1:31  Drone  
  15  1:32  Drone  
  17  1:33  Drone  
  18  1:46  Drone  
  19  2:07  Queen x2  
  23  2:13  Zergling x2  
  24  2:17  Zergling x2  
  24  2:21  Zergling x2  
  25  2:34  Overlord  
  25  2:37  Drone x2  
  25  2:39  Drone  
  28  2:58  Roach Warren  
  27  3:03  Extractor, Drone x5  
  31  3:21  Zergling x6  
  31  3:22  Zergling x2  
  35  3:41  Overlord  
  35  3:42  Overlord x2  
  35  4:01  Roach x7  
  49  4:10  Overlord  
  49  4:25  Ravager x4  
  39  4:54  Roach  
  39  4:55  Roach x5  
  51  5:24  Roach  
  51  5:25  Roach  
  55  5:37  Drone x3  
  58  5:52  Overlord  
Tags
 
Add a new tag
Caveats
  • Supply blocks, unpowered buildings, or Contaminate may cause inaccurate times.
  • Supply counts are checked every 10 seconds.